 Dungeon Crawl Stone Soup version 0.31-a0-187-gba352fbbf7 (webtiles) character file.

Game seed: 3003862517912354795

620 qw the Skirmisher (level 7, 0/40 HPs)
             Began as a Deep Elf Hunter on June 22, 2023.
             Slain by Prince Ribbit (16 damage)
             ... on level 5 of the Dungeon.
             The game lasted 00:01:20 (3085 turns).

qw the Skirmisher (Deep Elf Hunter)                 Turns: 3085, Time: 00:01:20

Health: 0/40       AC:  8    Str: 10    XL:     7   Next: 22%
Magic:  9/9        EV: 11    Int: 14    God:
Gold:   318        SH:  0    Dex: 18    Spells: 6/6 levels left

rFire   . . .        Y - +2 shortbow
rCold   . . .        (shield currently unavailable)
rNeg    . . .        d - +0 ring mail
rPois   .            f - +2 hat
rElec   .            (no cloak)
rCorr   .            c - +0 pair of gloves
SInv    .            (no boots)
Will    .....        (no amulet)
Stlth   +            (no ring)
HPRegen 0.26/turn    (no ring)
MPRegen 0.11/turn

%: no passive effects
@: no status effects
A: no striking features
a: no special abilities


You were on level 5 of the Dungeon.
You visited 1 branch of the dungeon, and saw 5 of its levels.

You collected 318 gold pieces.


   Skills:
 - Level 2.1 Fighting
 + Level 10.8 Ranged Weapons
 - Level 1.1 Armour
 - Level 3.0 Dodging
 - Level 1.2 Stealth


You had 6 spell levels left.
You didn't know any spells.
Your spell library was empty.

Inventory:

Hand Weapons
 Y - a +2 shortbow (weapon)
Armour
 c - a +0 pair of gloves (worn)
 d - a +0 ring mail (worn)
 f - a +2 hat (worn)
Jewellery
 b - a ring of ice
Scrolls
 i - 3 scrolls of identify
 j - a scroll of revelation {unknown}
 m - a scroll of poison {unknown}
Potions
 a - a potion of cancellation
 e - 3 potions of curing
 g - a potion of haste
 h - a potion of heal wounds
 k - a potion of invisibility {unknown}
 l - a potion of enlightenment {unknown}
 n - a potion of ambrosia {unknown}

Dungeon Overview and Level Annotations

Branches:
Dungeon (5/15)
 Temple: D:4-7

Altars:
Gozag
Makhleb
Vehumet

Shops:
D:1 :

Annotations:
D:4 3 runed translucent doors, qw's ghost, amateur DEHu
D:5 Prince Ribbit


Message History

An orc comes into view. It is wielding a +0 dagger.
Prince Ribbit closely misses you.
You shoot an arrow. The arrow hits the howler monkey!
You kill the howler monkey!
Prince Ribbit hits you but does no damage.
Prince Ribbit barely misses you.
You shoot an arrow. The arrow hits Prince Ribbit!
Prince Ribbit is severely wounded.
Prince Ribbit barely misses you.
You shoot an arrow.
The arrow hits Prince Ribbit but does no damage.
Prince Ribbit is severely wounded.
Prince Ribbit closely misses you.
An orc comes into view. It is wielding a +0 dagger.
Prince Ribbit blinks!
You shoot an arrow. The gnoll shouts!
The arrow hits the gnoll!
The gnoll is heavily wounded.
You hear a shout!
The gnoll barely misses you.
An orc comes into view. It is wielding a +0 short sword.
You shoot an arrow. The arrow hits the gnoll!
You kill the gnoll!
You shoot an arrow. The arrow closely misses the orc.
The arrow closely misses Prince Ribbit.
Prince Ribbit blinks!
The orc closely misses you.
You shoot an arrow. The arrow hits the orc.
The orc is moderately wounded.
The orc barely misses you.
You shoot an arrow. The arrow hits the orc!
You kill the orc!
Prince Ribbit blinks!
The orc barely misses you. Prince Ribbit barely misses you.
You shoot an arrow.
The arrow completely misses Prince Ribbit.
The orc closely misses you.
Prince Ribbit hops awkwardly around.
Prince Ribbit hits you!
You die...

#.###.. ...... #......
##..... ####..# . ......
##.# .. ...#'# #..
...####.##.# ###
........##.# #.
.....oo.##.# #.
....g¤o@F..############.
.#.#.##.............<...
#.###############. #.#
#####. ### #..... #.....
#..... #..... ######


You could see Prince Ribbit, a gnoll and 3 orcs.

Vanquished Creatures
  2 ogres (D:4)
  A howler monkey (D:5)
  2 hounds (D:5)
  An orc priest (D:4)
  2 gnoll boudas (D:5)
  An iguana (D:4)
  An orc wizard (D:5)
  9 gnolls
  4 adders (D:3)
  An ufetubus (D:4)
  13 orcs
  7 ball pythons
  5 endoplasms
  A giant cockroach (D:3)
  8 goblins
  6 hobgoblins
  4 jackals (D:5)
  5 kobolds
  3 quokkas
  2 bats
  3 frilled lizards
  5 rats
86 creatures vanquished.

Vanquished Creatures (others)
  An endoplasm (D:1)
1 creature vanquished.

Grand Total: 87 creatures vanquished

Notes
Turn   | Place    | Note
-------+----------+-------------------------------------------
     0 | D:1      | qw the Deep Elf Hunter began the quest for the Orb.
     0 | D:1      | Reached XP level 1. HP: 12/12 MP: 3/3
     0 | D:1      | 0 ||| qw: Version: 0.3-a-9-g12657ce
     0 | D:1      | 0 ||| qw: Game counter: 2593
     0 | D:1      | 0 ||| qw: Always use a shield: true
     0 | D:1      | 0 ||| qw: God list: Okawaru
     0 | D:1      | 0 ||| qw: Allow faded altars: false
     0 | D:1      | 0 ||| qw: Do Orc after D:15 true
     0 | D:1      | 0 ||| qw: Do second Lair branch before Depths: true
     0 | D:1      | 0 ||| qw: Lair rune preference: random
     0 | D:1      | 0 ||| qw: Plans: Normal
     0 | D:1      | 0 ||| PLANNING D:1-11
    23 | D:1      | Found Issem's Vocational Training.
   117 | D:1      | Reached XP level 2. HP: 16/16 MP: 4/4
   135 | D:1      | Reached skill level 6 in Ranged Weapons
   443 | D:1      | 443 ||| READING scroll labelled ODYSTR YTHREOS.
   444 | D:1      | 444 ||| DROPPING scroll of butterflies.
   646 | D:2      | Reached XP level 3. HP: 18/20 MP: 5/5
  1117 | D:2      | 1117 ||| UPGRADING to +1 hat.
  1122 | D:2      | 1122 ||| READING 2 scrolls labelled TIPHATR PUGIUB.
  1123 | D:2      | 1123 ||| READING scroll of enchant weapon.
  1123 | D:2      | 1123 ||| ENCHANTING +1 shortbow.
  1124 | D:2      | 1124 ||| READING scroll labelled ERHIENIH YNKERESS.
  1125 | D:2      | 1125 ||| READING scroll labelled BIDWID CEPNA.
  1126 | D:2      | 1126 ||| DRINKING 2 lumpy amethyst potions.
  1217 | D:3      | Reached skill level 7 in Ranged Weapons
  1463 | D:3      | Found a radiant altar of Vehumet.
  1466 | D:3      | Found a burning altar of Makhleb.
  1595 | D:3      | Reached XP level 4. HP: 25/25 MP: 6/6
  1853 | D:3      | 1853 ||| UPGRADING to +0 ring mail.
  1863 | D:3      | 1863 ||| DROPPING +0 leather armour.
  1864 | D:3      | 1864 ||| READING scroll labelled UVEDWE XAABOY.
  1865 | D:3      | 1865 ||| READING scroll labelled MEOCIAWNAM.
  1866 | D:3      | 1866 ||| READING scroll labelled XIDODOSOCW.
  1867 | D:3      | 1867 ||| READING 2 scrolls of identify.
  1867 | D:3      | 1867 ||| IDENTIFYING white potion
  1960 | D:4      | Noticed an ogre
  1965 | D:4      | Killed an ogre
  1966 | D:4      | Reached skill level 8 in Ranged Weapons
  1966 | D:4      | Reached XP level 5. HP: 29/29 MP: 7/7
  2071 | D:4      | Reached skill level 9 in Ranged Weapons
  2158 | D:4      | Noticed an ogre
  2165 | D:4      | Killed an ogre
  2166 | D:4      | Reached XP level 6. HP: 35/35 MP: 8/8
  2184 | D:4      | Found a runed translucent gate.
  2184 | D:4      | Found a runed translucent gate.
  2184 | D:4      | Found a runed translucent gate.
  2185 | D:4      | Found an opulent altar of Gozag.
  2187 | D:4      | Noticed qw's ghost (amateur DEHu)
  2236 | D:4      | 2236 ||| READING scroll of enchant armour.
  2236 | D:4      | 2236 ||| ENCHANTING +1 hat.
  2433 | D:4      | 2433 ||| UPGRADING to +0 pair of gloves.
  2438 | D:4      | 2438 ||| READING scroll labelled KUIZEU EJEAT.
  2439 | D:4      | 2439 ||| DRINKING 2 dark potions.
  2440 | D:4      | 2440 ||| READING 2 scrolls of identify.
  2440 | D:4      | 2440 ||| IDENTIFYING sapphire potion
  2472 | D:5      | Entered Level 5 of the Dungeon
  2478 | D:5      | Reached skill level 10 in Ranged Weapons
  2512 | D:5      | Reached skill level 3 in Dodging
  2517 | D:5      | 2517 ||| FLEEEEING.
  2519 | D:5      | 2519 ||| FLEEEEING.
  2520 | D:5      | 2520 ||| FLEEEEING.
  2521 | D:5      | 2521 ||| FLEEEEING.
  2522 | D:5      | 2522 ||| FLEEEEING.
  2523 | D:5      | 2523 ||| FLEEEEING.
  2524 | D:5      | 2524 ||| FLEEEEING.
  2525 | D:5      | 2525 ||| FLEEEEING.
  2526 | D:5      | 2526 ||| STAIRDANCE
  2617 | D:5      | 2617 ||| STAIRDANCE
  2769 | D:5      | Reached skill level 1 in Armour
  2922 | D:5      | Reached XP level 7. HP: 38/40 MP: 9/9
  2941 | D:5      | 2941 ||| FLEEEEING.
  2944 | D:5      | 2944 ||| FLEEEEING.
  2945 | D:5      | 2945 ||| FLEEEEING.
  2946 | D:5      | 2946 ||| FLEEEEING.
  2947 | D:5      | 2947 ||| FLEEEEING.
  2948 | D:5      | 2948 ||| FLEEEEING.
  2949 | D:5      | 2949 ||| FLEEEEING.
  2950 | D:5      | 2950 ||| FLEEEEING.
  2951 | D:5      | 2951 ||| FLEEEEING.
  2952 | D:5      | 2952 ||| FLEEEEING.
  2953 | D:5      | 2953 ||| FLEEEEING.
  2954 | D:5      | 2954 ||| FLEEEEING.
  2955 | D:5      | 2955 ||| FLEEEEING.
  2956 | D:5      | 2956 ||| FLEEEEING.
  2957 | D:5      | 2957 ||| FLEEEEING.
  2958 | D:5      | 2958 ||| FLEEEEING.
  2959 | D:5      | 2959 ||| FLEEEEING.
  2960 | D:5      | 2960 ||| FLEEEEING.
  3068 | D:5      | Noticed Prince Ribbit
  3085 | D:5      | Slain by Prince Ribbit

Levels and vault maps discovered:
D:1:      lightli_arrival_flooded_house, layout_rooms, nicolae_shop_vocational
D:2:      layout_loops_ring
D:3:      layout_basic, mainiacjoe_overflow_tiny_flanked, vehumet_altar_wand_db
D:4:      layout_basic, ebering_ghost_gozag
D:5:      layout_basic, uniq_prince_ribbit1

Skill      XL: |  1  2  3  4  5  6 |
---------------+-------------------+-----
Ranged Weapons | 6 7 8 9 10 | 10.8
Fighting       | 2 |  2.1
Dodging        | 3 |  3.0
Armour         | 1 |  1.1
Stealth        | |  1.2

Action                     |  1- 3 |  4- 6 |  7- 9 || total
---------------------------+-------+-------+-------++-------
   Fire: Shortbow          |   128 |   126 |    49 ||   303
    Use: Scroll            |     5 |     7 |       ||    12
         Potion            |     1 |     1 |       ||     2
 Armour: Leather armour    |     7 |       |       ||     7
         Ring mail         |       |    13 |     9 ||    22
  Dodge: Dodged            |    23 |    14 |    23 ||    60

Table legend:
 A = Non-vault XP
 B = Vault XP
 C = Vault XP percentage of total XP
 D = Non-vault monster count
 E = Vault monster count
 F = Vault count percentage of total count
                 A         B        C        D         E       F
            +---------+---------+-------+---------+---------+-------
      Total |     885 |       2 |   0.2 |      86 |       1 |   1.1
            +---------+---------+-------+---------+---------+-------
        D:1 |      32 |       0 |   0.0 |      20 |       0 |   0.0
        D:2 |      12 |       0 |   0.0 |       8 |       0 |   0.0
        D:3 |      85 |       2 |   2.3 |      19 |       1 |   5.0
        D:4 |     371 |       0 |   0.0 |      19 |       0 |   0.0
        D:5 |     385 |       0 |   0.0 |      20 |       0 |   0.0
            +---------+---------+-------+---------+---------+-------
